 Dungeon Crawl Stone Soup version 0.31-a0-620-gd1cbd99268 (webtiles) character file.

Game seed: 11688902980788994740

1404 kae the Mimic (level 8, 0/57 (61) HPs)
             Began as a Pale Draconian Shapeshifter on Aug 23, 2023.
             Was an Initiate of Ru.
             Slain by Duvessa
             ... wielding a +2 short sword of draining
              (1 damage)
             ... on level 7 of the Dungeon.
             The game lasted 00:05:13 (5832 turns).

kae the Mimic (Pale Draconian Shapeshifter)         Turns: 5832, Time: 00:05:13

HP:   0/57 (61)     AC:  6    Str: 17    XL:     8   Next: 42%
MP:   8/8           EV: 12    Int:  9    God:    Ru [......]
Gold: 229           SH:  0    Dex: 14    Spells: 7/7 levels left

rFire   + .          .
                       - Unarmed
rCold   . . .        (shield currently unavailable)
rNeg    + . .        (body armour unavailable)
rPois   +            (helmet restricted)
rElec   .            (no cloak)
rCorr   .            (no gloves)
SInv    .            (no boots)
Will    .....        (no amulet)
Stlth   +            g - ring "Lats" {Fire rPois rN+ Stlth+}
HPRegen 0.29/turn    C - ring of protection from cold
MPRegen 0.11/turn

%: no passive effects
@: short of breath, flux-form, glowing, drained
A: glow, contaminating, breathe steam, AC +6, unfitting armour, cold-blooded,
steam resistance
a: Breathe Steam, Begin Untransformation, Renounce Religion


You were on level 7 of the Dungeon.
You worshipped Ru.
Ru was noncommittal.
You were something dangerously unstable.
You visited 2 branches of the dungeon, and saw 8 of its levels.
You also visited: Sewer.

You collected 294 gold pieces.
You spent 65 gold pieces at shops.


Innate Abilities, Weirdness & Mutations

You are something dangerously unstable.
You glow with magical radiation, making you easy to see and hit.
Foes you strike become dangerously contaminated with magical radiation.
You are incapable of wielding weapons or throwing items.
You can breathe blasts of scalding, opaque steam.
Your pale cyan-grey scales are hard. (AC +6)
You cannot fit into any form of body armour.
You are cold-blooded and may be slowed by cold attacks.
You are immune to the effects of steam.


   Skills:
 - Level 2.0 Fighting
 - Level 1.7 Dodging
 + Level 6.6 Unarmed Combat
 * Level 8.3 Shapeshifting


You had 7 spell levels left.
You didn't know any spells.
Your spell library contained the following spells:

 Spells                   Type           Power      Damage    Failure   Level
 Sandblast                Erth           0%         2d4       38%         1
 Passwall                 Tmut/Erth      0%         N/A       52%         2
 Inner Flame              Hex/Fire       0%         N/A       77%         3
 Stone Arrow              Conj/Erth      0%         3d7       77%         3
 Volatile Blastmotes      Fire/Tloc      0%         2d10      77%         3
 Cause Fear               Hex            0%         N/A       99%         4
 Flame Wave               Conj/Fire      0%         2d4       99%         4
 Fulminant Prism          Conj/Hex       0%         3d5       99%         4
 Iskenderun's Mystic Bla  Conj/Tloc      0%         2d3       99%         4
 Sticky Flame             Conj/Fire      0%         2d3       99%         4
 Fireball                 Conj/Fire      0%         3d3       100%        5
 Lehudib's Crystal Spear  Conj/Erth      0%         10d2      100%        8
 Dragon's Call            Summ           0%         N/A       100%        9
 Animate Armour           Summ/Erth      Unusable   N/A       N/A         4

Inventory:

Missiles
 a - 11 poisoned darts
 d - 52 stones
Jewellery
 g - the ring "Lats" (left hand) {Fire rPois rN+ Stlth+}
   (You found it on level 5 of the Dungeon)

   [ring of fire]

   Fire:      It enhances your fire magic.
   rF+:       It protects you from fire.
   rC-:       It makes you vulnerable to cold.
   rPois:     It protects you from poison rN+: It protects you from negative
   energy.
   Stlth+:    It makes you more stealthy.
 C - a ring of protection from cold (right hand)
   (You found it on level 6 of the Dungeon)
Talismans
 b - a beast talisman
 c - a flux talisman (active)
Wands
 l - a wand of digging (7)
   (You found it on level 5 of the Dungeon)
 t - a wand of roots (10)
   (You found it on level 6 of the Dungeon)
Scrolls
 i - 4 scrolls of teleportation {@r4}
 q - a scroll of immolation {!r!r}
Potions
 e - a potion of curing {@q1}
 f - a potion of heal wounds {@q2}
 h - 3 potions of mutation {!q}
 j - a potion of degeneration {unknown}
 k - a potion of invisibility
 m - 2 potions of attraction {!q}
 n - 2 potions of cancellation {unknown}
 o - a potion of resistance
 p - a potion of berserk rage {!q}

Dungeon Overview and Level Annotations

Branches:
Dungeon (7/15) Zot: 26928  Temple (1/1) D:5 Zot: 5963   Sewer (visited)

Altars:
Cheibriados
Dithmenos
Elyvilon
Fedhas
Gozag
Hepliaklqana
Kikubaaqudgha
Makhleb
Okawaru
Qazlal
Ru
Sif Muna
Trog
Uskayaw
Vehumet
Wu Jian
Xom
Yredelemnul
Zin
The Shining One

Shops:
D:1 ?   D:3 ?   D:6 *

Annotations:
D:7 Duvessa
Temple 2 transporters

#.#........##.##.#......
#..#.###..............
#.###.#####........
#..................
#.....#...##.......
...................
.#####...##.......
#..............#
#B##)..##......#
#e###### ....... #.# ...
... . ... #.... #....
##.###


You could see Duvessa (berserk, contam).


Message History

You kill the adder!
You enter the shallow water.
Moving in this stuff is going to be slow.
Done exploring.
No target in view!
No target in view!
Done exploring.
No target in view!
No target in view!
Done exploring.
Done exploring.
Done exploring.
There is a stone staircase leading down here.
You climb downwards.
You hear the roar of battle.
There is an entrance to a bailey on this level.
Hurry and find it before the portal closes forever!
There is a stone staircase leading up here.
Unknown command.
As you read the scroll labelled YZYNUVV XIMO, it crumbles to dust.
You assume a fearsome visage.
Nothing appears to happen.
It was a scroll of fear.
Unknown command.
As you read the scroll of identify {@r1}, it crumbles to dust.
h - 2 potions of mutation
Okay, then.
Okay, then.
You feel more attuned to fire.
g - the ring "Lats" (left hand) {Fire rPois rN+ Stlth+}
C - a ring of protection from cold (right hand)
Found a stone staircase leading down.
No target in view!
No target in view!
h - 3 potions of mutation {!q} (gained 1)
You hear the faint creaking of a very distant portcullis.
You now have 229 gold pieces (gained 10).
Dowan, Brother of Duvessa comes into view.
He is wielding a +0 dagger.
Dowan shouts!
You hear a shout!
Unknown command.
Dowan casts a spell at you. The puff of frost hits you!
Duvessa, Sister of Dowan comes into view.
She is wielding a +2 short sword of draining. 😕 HP[-7]
You take 7 damage, and now have 54/61 hp.
Okay, then.
Dowan gestures at you while chanting. The puff of frost hits you! 😕 HP[-6]
You take 6 damage, and now have 48/61 hp.
Dowan says, "Stay away from my face!"
Dowan barely misses you.
Aiming: Breathe Steam (1% risk of failure)
Press: ? - help, Shift-Dir - straight line, f - Dowan
Aim: Dowan, wielding a +0 dagger and wearing a +0 robe (60% to hit)
You exhale a blast of scalding steam.
The ball of steam hits Dowan!
Dowan is engulfed in a cloud of scalding steam.
Dowan closely misses you.
You hit Dowan but do no damage.
Dowan begins to glow.
You hit Dowan.
Dowan glows dangerously bright.
Your tail-slap misses Dowan.
Dowan is engulfed in a cloud of scalding steam.
Dowan casts a spell at you. The puff of frost hits you!
Duvessa is engulfed in a cloud of scalding steam.
You are too injured to fight recklessly! 😮 HP[-7]
You take 7 damage, and now have 41/61 hp.
You hit Dowan.
You kill Dowan!
Duvessa screams in rage.
Duvessa goes berserk!
Duvessa is engulfed in a cloud of scalding steam.
Duvessa rages.
Duvessa is engulfed in a cloud of scalding steam.
Duvessa barely misses you.
You barely miss Duvessa.
Your tail-slap misses Duvessa.
Duvessa is engulfed in a cloud of scalding steam.
Duvessa hits you with a +2 short sword of draining!
* * * LOW HITPOINT WARNING * * *
You partially resist.
You feel drained. 😨 HP[-15]
You now have 59 max hp (-2).
You take 15 damage, and now have 26/59 hp.
MASSIVE DAMAGE!! (PAUSE)
You closely miss Duvessa.
Duvessa hits you with a +2 short sword of draining!
* * * LOW HITPOINT WARNING * * *
You partially resist.
You feel drained.
* * * LOW HITPOINT WARNING * * *
😱 HP[-16]
You now have 58 max hp (-1).
You take 16 damage, and now have 10/58 hp.
MASSIVE DAMAGE!! (PAUSE)
You hit Duvessa.
Duvessa begins to glow.
Duvessa hits you with a +2 short sword of draining!
* * * LOW HITPOINT WARNING * * *
You partially resist.
You feel drained.
Duvessa hits you with a +2 short sword of draining.
You die...

Skill      XL: |  1  2  3  4  5  6  7  8 |
---------------+-------------------------+-----
Fighting       | 2 |  2.0
Shapeshifting  | 4 5 6 7 8 |  8.3
Unarmed Combat | 4 5 6 |  6.6
Dodging        | |  1.7

Action                     |  1- 3 |  4- 6 |  7- 9 || total
---------------------------+-------+-------+-------++-------
  Melee: Unarmed           |   116 |   123 |    86 ||   325
         Tailslap          |     7 |    14 |     6 ||    27
         Punch             |     1 |     2 |     1 ||     4
Ability: Breathe Steam     |       |       |     8 ||     8
    Use: Scroll            |       |     9 |     2 ||    11
         Potion            |       |     1 |       ||     1
   Stab: Sleeping          |       |     1 |     1 ||     2
 Armour: Skin              |    39 |    54 |    29 ||   122
  Dodge: Dodged            |    74 |    72 |    62 ||   208
   Form: Flux              |       |       |     1 ||     1

Levels and vault maps discovered:
D:1:      dpeg_arrival_boxes_within_box, layout_loops_ring, serial_shops, shop,
          dreamdust_ecumenical_altar_hidden_monk_grotto
D:2:      layout_loops_corners
D:3:      layout_loops_ring, serial_shops, shop
D:4:      layout_basic
D:5:      layout_layer_cave, temple_statues, minmay_misc_feat_more_columns,
          minmay_misc_feat_diagonals, minmay_checkerbox
D:6:      layout_basic, tgw_kikubaaqudgha, cheibrodos_sewer_entry_bend,
          guppyfry_shop_venom
D:7:      layout_basic, serial_shops, nicolae_shop_trees,
          ebering_ghost_disaster_area, enter_bailey_3, uniq_pikel, uniq_duvessa
Temple:   hellmonk_temple_divided_pantheon

Notes
Turn   | Place    | Note
-------+----------+-------------------------------------------
     0 | D:1      | kae the Draconian Shapeshifter began the quest for the Orb.
     0 | D:1      | Reached XP level 1. HP: 16/16 MP: 1/1
     0 | D:1      | magus.rc [v1.11.3]
    99 | D:1      | Found Zuklur's Magic Scroll Emporium.
   178 | D:1      | You pick up a book of Geomancy and begin reading...
   178 | D:1      | You add the spells Sandblast, Passwall and Stone Arrow to
                  | your library.
   283 | D:1      | Reached XP level 2. HP: 23/23 MP: 2/2
   413 | D:1      | Found a faded altar of an unknown god.
   812 | D:2      | You pick up a book of the Dragon and begin reading...
   812 | D:2      | You add the spells Cause Fear, Fireball and Dragon's Call
                  | to your library.
  1285 | D:2      | Reached XP level 3. HP: 28/29 MP: 3/3
  1682 | D:3      | Reached skill level 2 in Fighting
  1880 | D:3      | HP: 7/29 [something/puff of flame (12)]
  1881 | D:3      | Reached skill level 4 in Shapeshifting
  1881 | D:3      | Reached XP level 4. HP: 9/36 MP: 4/4
  1891 | D:3      | HP: 5/54 [something/puff of flame (7)]
  2150 | D:3      | Found Tyssaam's Magic Scroll Emporium.
  2158 | D:3      | Bought a scroll of identify for 26 gold pieces
  2158 | D:3      | Bought a scroll of teleportation for 39 gold pieces
  2403 | D:4      | Noticed an ogre
  2410 | D:4      | Killed an ogre
  2411 | D:4      | Reached skill level 4 in Unarmed Combat
  2411 | D:4      | Reached XP level 5. HP: 28/41 MP: 5/5
  2475 | D:4      | HP: 9/41 [gnoll/+0 whip (8)]
  2483 | D:4      | HP: 9/41 [jackal (1)]
  2621 | D:4      | Reached skill level 5 in Shapeshifting
  2733 | D:4      | Noticed an ogre
  2741 | D:4      | Killed an ogre
  2742 | D:4      | Reached XP level 6. HP: 48/48 MP: 6/6
  2768 | D:4      | You pick up a book of Blasting and begin reading...
  2768 | D:4      | You add the spells Volatile Blastmotes, Fulminant Prism and
                  | Iskenderun's Mystic Blast to your library.
  3082 | D:4      | Reached skill level 6 in Shapeshifting
  3151 | D:4      | Reached skill level 5 in Unarmed Combat
  3480 | D:5      | Entered Level 5 of the Dungeon
  3491 | D:5      | Your scales start taking on a pale cyan-grey colour.
  3491 | D:5      | Reached XP level 7. HP: 31/55 MP: 7/7
  3491 | D:5      | Gained mutation: You are immune to the effects of steam.
                  | [Pale Draconian growth]
  3661 | D:5      | Identified the ring "Lats" {Fire rPois rN+ Stlth+}
  3793 | D:5      | HP: 13/55 [centaur/+0 short sword (6)]
  3795 | D:5      | Reached skill level 7 in Shapeshifting
  3958 | D:5      | Found a staircase to the Ecumenical Temple.
  4382 | D:5      | You pick up a book of Armaments and begin reading...
  4411 | D:5      | Reached skill level 6 in Unarmed Combat
  4411 | D:5      | Reached XP level 8. HP: 59/61 MP: 8/8
  4809 | Temple   | Found a transporter.
  4809 | Temple   | Found a transporter.
  4809 | Temple   | Found a transporter.
  4809 | Temple   | Found a transporter.
  4809 | Temple   | Entered the Ecumenical Temple
  4829 | Temple   | Became a worshipper of Ru the Awakened
  4884 | D:6      | You pick up a book of Flames and begin reading...
  4884 | D:6      | You add the spells Inner Flame, Sticky Flame and Flame Wave
                  | to your library.
  4891 | D:6      | Found Ifumad's Serpentskin Sales.
  5032 | D:6      | Found a glowing drain.
  5059 | Sewer    | Entered a sewer
  5117 | Sewer    | Noticed Pargi
  5133 | Sewer    | Killed Pargi
  5134 | Sewer    | Reached skill level 8 in Shapeshifting
  5468 | D:6      | Identified the +6 short sword "Zasat" {spect, *Rage rN+
                  | rCorr Str+3}
  5603 | D:6      | Found an ancient bone altar of Kikubaaqudgha.
  5819 | D:7      | Noticed Dowan
  5822 | D:7      | Noticed Duvessa
  5829 | D:7      | Killed Dowan
  5831 | D:7      | HP: 11/59 [Duvessa/+2 short sword of draining (16)]
  5832 | D:7      | HP: 1/58 [Duvessa/+2 short sword of draining (9)]
  5832 | D:7      | Slain by Duvessa

Vanquished Creatures
  A water moccasin (D:5)
  Pargi (Sewer)
  A sky beast (D:5)
  2 ogres (D:4)
  A centaur (D:5)
  A bullfrog (D:6)
  5 scorpions
  Dowan (D:7)
  3 hounds
  An orc priest (D:4)
  A sleepcap (D:5)
  2 iguanas
  An orc wizard (D:3)
  3 gnolls (D:4)
  9 adders
  2 white imps
  An ufetubus (D:6)
  A worm (D:6)
  A dart slug (D:2)
  17 orcs
  4 ball pythons
  4 endoplasms
  3 giant cockroaches
  5 goblins
  7 hobgoblins
  10 jackals
  5 bats
  A frilled lizard (D:2)
  8 kobolds
  6 rats
108 creatures vanquished.

Vanquished Creatures (others)
  A human (D:6)
1 creature vanquished.

Grand Total: 109 creatures vanquished

Table legend:
 A = Non-vault XP
 B = Vault XP
 C = Vault XP percentage of total XP
 D = Non-vault monster count
 E = Vault monster count
 F = Vault count percentage of total count
                 A         B        C        D         E       F
            +---------+---------+-------+---------+---------+-------
      Total |    1366 |     640 |  31.9 |      97 |      11 |  10.2
            +---------+---------+-------+---------+---------+-------
        D:1 |      24 |       0 |   0.0 |      13 |       0 |   0.0
        D:2 |      23 |       0 |   0.0 |      15 |       0 |   0.0
        D:3 |     100 |       0 |   0.0 |      23 |       0 |   0.0
        D:4 |     547 |       0 |   0.0 |      30 |       0 |   0.0
        D:5 |     373 |     384 |  50.7 |       6 |       4 |  40.0
        D:6 |     299 |      46 |  13.3 |      10 |       5 |  33.3
        D:7 |       0 |      72 | 100.0 |       0 |       1 | 100.0
      Sewer |       0 |     138 | 100.0 |       0 |       1 | 100.0
            +---------+---------+-------+---------+---------+-------

Skill      XL: |  1  2  3  4  5  6  7  8 |
---------------+-------------------------+-----
Fighting       | 2 |  2.0
Shapeshifting  | 4 5 6 7 8 |  8.3
Unarmed Combat | 4 5 6 |  6.6
Dodging        | |  1.7

Action                     |  1- 3 |  4- 6 |  7- 9 || total
---------------------------+-------+-------+-------++-------
  Melee: Unarmed           |   116 |   123 |    86 ||   325
         Tailslap          |     7 |    14 |     6 ||    27
         Punch             |     1 |     2 |     1 ||     4
Ability: Breathe Steam     |       |       |     8 ||     8
    Use: Scroll            |       |     9 |     2 ||    11
         Potion            |       |     1 |       ||     1
   Stab: Sleeping          |       |     1 |     1 ||     2
 Armour: Skin              |    39 |    54 |    29 ||   122
  Dodge: Dodged            |    74 |    72 |    62 ||   208
   Form: Flux              |       |       |     1 ||     1

Illustrated notes

Table legend:
 A = Kills in this place as a percentage of kills in the entire game.
 B = Kills by you in this place as a percentage of kills by you in the entire game.
 C = Kills by friends in this place as a percentage of kills by friends in the entire game.
 D = Other kills in this place as a percentage of other kills in the entire game.
 E = Experience gained in this place as a percentage of experience gained in the entire game.
 F = Experience gained in this place divided by the number of levels of this place that you have seen.
                   A       B       C       D       E      F
               +-------+-------+-------+-------+-------+----------------------
         Total | 100.0 | 100.0 |   N/A |   N/A | 100.0 | 222.9
       Dungeon |  99.1 |  99.1 |   N/A |   N/A |  93.1 | 266.9
         Sewer |   0.9 |   0.9 |   N/A |   N/A |   6.9 | 138.0
               +-------+-------+-------+-------+-------+----------------------

Table legend: (Time is in decaauts)
 A = Elapsed time spent in this place.
 B = Non-inter-level travel time spent in this place.
 C = Inter-level travel time spent in this place.
 D = Time resting spent in this place.
 E = Time spent auto-exploring this place.
 F = Levels seen in this place.
 G = Mean time per level.
                   A        B        C        D        E       F      G
               +--------+--------+--------+--------+--------+-----+--------+
         Total |   5816 |   5621 |    195 |    471 |   4258 |   9 |  646.2 |
       Dungeon |   5636 |   5441 |    195 |    403 |   4231 |   7 |  805.1 |
        Temple |     36 |     36 |      0 |      0 |      0 |   1 |   36.0 |
         Sewer |    143 |    143 |      0 |     68 |     27 |   1 |  143.0 |
               +--------+--------+--------+--------+--------+-----+--------+

Top non-repeatable levels by time:
     D:5: 1274 daAuts
     D:4: 1037 daAuts
     D:3: 948 daAuts
     D:1: 802 daAuts
     D:2: 759 daAuts
     D:6: 742 daAuts
   Sewer: 143 daAuts
     D:7: 71 daAuts
  Temple: 36 daAuts
